 Dungeon Crawl Stone Soup version 0.29-a0-330-g52719c12eb (webtiles) character file.

Game seed: 5680113456390691498

43 Argons the Firebug (level 3, -2/29 HPs)
             Began as a Ghoul Fire Elementalist on Apr 28, 2022.
             Killed from afar by Natasha (7 damage)
             ... with a magic dart
             ... on level 2 of the Dungeon.
             The game lasted 00:05:58 (1096 turns).

Argons the Firebug (Ghoul Fire Elementalist)        Turns: 1096, Time: 00:05:59

Health: -2/29      AC:  2    Str: 13    XL:     3   Next: 58%
Magic:  0/4        EV: 12    Int: 10    God:
Gold:   82         SH:  0    Dex:  9    Spells: 2/5 levels left

rFire   . . .      SeeInvis .     - Unarmed
rCold   + . .      Faith    .   (no shield)
rNeg    + + +      Spirit   .   a - +0 robe
rPois   ∞          Reflect  .   (no helmet)
rElec   .          Harm     .   (no cloak)
rCorr   .          Rampage  .   (no gloves)
Will    .....                   (no boots)
Stlth   ++........              d - amulet of regeneration
HPRegen 0.00/turn               (no ring)
MPRegen 0.09/turn               (no ring)

@: inhibited regen, slowed, very slow
A: claws 1, cold resistance 1, negative energy resistance 3, inhibited
regeneration, torment resistance 2, devour on kill
a: no special abilities


You were on level 2 of the Dungeon.
You visited 1 branch of the dungeon, and saw 2 of its levels.

You collected 115 gold pieces.
You spent 33 gold pieces at shops.

Inventory:

Missiles
 e - 6 boomerangs (quivered)
Armour
 a - a +0 robe (worn)
Jewellery
 d - an amulet of regeneration (around neck)
Scrolls
 c - a scroll of identify
 i - a scroll of torment {unknown}
Potions
 b - a potion of magic
 f - a potion of resistance
 g - a potion of curing
 h - a potion of degeneration {unknown}


   Skills:
 - Level 2.2 Fighting
 - Level 1.7 Dodging
 - Level 2.1 Stealth
 + Level 2.3 Unarmed Combat
 - Level 1.7 Spellcasting
 - Level 0.7 Conjurations
 - Level 2.4 Fire Magic


You had 2 spell levels left.
You knew the following spells:

 Your Spells              Type           Power      Damage    Failure   Level
a - Foxfire               Conj/Fire      16%        2x1d4     17%         1
b - Scorch                Fire           10%        2d5       19%         2

Your spell library contained the following spells:

 Spells                   Type           Power      Damage    Failure   Level
 Static Discharge         Conj/Air       1%         N/A       38%         2
 Conjure Flame            Conj/Fire      4%         6-21      45%         3
 Inner Flame              Hex/Fire       3%         N/A       52%         3
 Flame Wave               Conj/Fire      4%         2d5       86%         4
 Sticky Flame             Conj/Fire      4%         2d3       86%         4
 Dispel Undead            Necr           0%         3d6       97%         4


Dungeon Overview and Level Annotations

Branches:
Dungeon (2/15)

Altars:

Shops:
D:2 *=![(

Annotations:
D:2 Natasha


Innate Abilities, Weirdness & Mutations

You are immune to poison.
You have sharp fingernails.
Your flesh is cold resistant. (rC+)
You are immune to negative energy. (rN+++)
You do not regenerate when monsters are visible.
You are immune to unholy pain and torment.
You thrive by killing the living.


Message History

Confirm with . or Enter, or press ? or * to list all spells.
Flames lash Natasha.
Natasha is burned terribly!
Natasha is heavily wounded.
You hear an angry hiss.
Natasha casts a spell.
Natasha stares at you and mumbles some strange words.
The magic dart hits you.
The white imp laughs crazily.
Natasha casts a spell at you. The magic dart hits you!
An adder comes into view.
The adder hisses angrily.
You close the door.
A white imp opens the door.
You close the door.
A white imp breaks down the door.
Natasha wildly gestures.
Natasha shimmers violently.
Natasha mumbles some strange words.
The crimson imp blinks!
The crimson imp blinks!
Casting: Scorch (safe; 19% risk of failure)
Confirm with . or Enter, or press ? or * to list all spells.
You don't have enough magic to cast this spell.
Natasha casts a spell.
The white imp gestures at you. The puff of frost hits you. You resist.
The white imp shouts, "Bolt, thou foetid weevil-witted dirt collector!"
The white imp disappears in a puff of smoke!
Casting: Scorch (safe; 19% risk of failure)
Confirm with . or Enter, or press ? or * to list all spells.
Flames lash Natasha.
Natasha is almost dead.
Natasha's fire resistance burns away.
Natasha stares at you and mumbles some strange words.
You feel yourself slow down.
Natasha stares at you and mumbles some strange words.
The magic dart hits you!
* * * LOW HITPOINT WARNING * * *
Natasha stares at you and mumbles some strange words.
The magic dart hits you!
You die...

.[.# #.### ...∩.
#..###...###..#
#..#........##
#..#...#.....#
#..#.######..##
##..#.#........#..
####.....##.####.##.#
####...................##
#........h@................
#......5..##...............
.
#.......#S##.##)....#######
..##.............#.........
#.........##∩##....)#######
####..#.#.##.##.....##### #
#...>...................# #
#.#(.........#......###†##
# #.....#.####......# #..#
#


You could see Natasha (combustible), an adder and a white imp (summoned).

Vanquished Creatures
  A hound (D:2)
  2 bats (D:1)
  An endoplasm (D:1)
  A giant cockroach (D:1)
  2 goblins
  A hobgoblin (D:2)
  A kobold (D:2)
  A ball python (D:1)
  3 frilled lizards (D:1)
  2 rats
15 creatures vanquished.

Vanquished Creatures (others)
  11 foxfires (D:1)
11 creatures vanquished.

Grand Total: 26 creatures vanquished

Notes
Turn   | Place    | Note
-------+----------+-------------------------------------------
     0 | D:1      | Argons the Ghoul Fire Elementalist began the quest for the
                  | Orb.
     0 | D:1      | Reached XP level 1. HP: 14/14 MP: 2/2
   300 | D:1      | Reached skill level 1 in Fighting
   300 | D:1      | Reached skill level 1 in Unarmed Combat
   505 | D:1      | Reached XP level 2. HP: 23/23 MP: 1/3
   531 | D:1      | Learned a level 2 spell: Scorch
   795 | D:2      | Found Raym's Distillery.
   801 | D:2      | Bought a potion of curing for 33 gold pieces
   808 | D:2      | Found Qetria's Antique Armour Emporium.
   818 | D:2      | Found Yxi Etuh's Antique Weapon Boutique.
   880 | D:2      | Found Qimoo's General Store.
   934 | D:2      | Reached XP level 3. HP: 19/29 MP: 0/4
  1036 | D:2      | Found Kugamid's Jewellery Shop.
  1069 | D:2      | Noticed Natasha
  1096 | D:2      | Killed from afar by Natasha

Illustrated notes

Levels and vault maps discovered:
D:1:      lemuel_arrival_broad_hall, layout_rooms
D:2:      layout_basic, shapermc_ecumenical_altar_flowoftime, serial_shops,
          shop, shop, nicolae_shop_crystal, shop, nicolae_shop_statue_plus,
          uniq_natasha

Skill      XL: |  1  2 |
---------------+-------+-----
Fighting       | 1 2 |  2.2
Unarmed Combat | 1 2 |  2.3
Dodging        | |  1.7
Stealth        | |  2.1
Spellcasting   | |  1.7
Conjurations   | |  0.7
Fire Magic     | |  2.4

Action                   || total
-------------------------++-------
Melee: Unarmed           ||    32
 Cast: Foxfire           ||     8
       Scorch            ||    11
  Use: Scroll            ||     1
Armor: Robe              ||    11
Dodge: Dodged            ||    24

Table legend: (Time is in decaauts)
 A = Elapsed time spent in this place.
 B = Non-inter-level travel time spent in this place.
 C = Inter-level travel time spent in this place.
 D = Time resting spent in this place.
 E = Time spent auto-exploring this place.
 F = Levels seen in this place.
 G = Mean time per level.
                   A        B        C        D        E       F      G
               +--------+--------+--------+--------+--------+-----+--------+
         Total |   1095 |   1039 |     56 |    340 |     56 |   2 |  547.5 |
       Dungeon |   1095 |   1039 |     56 |    340 |     56 |   2 |  547.5 |
               +--------+--------+--------+--------+--------+-----+--------+

Top non-repeatable levels by time:
     D:1: 794 daAuts
     D:2: 301 daAuts
